 Dungeon Crawl Stone Soup version 0.29-a0-757-g358383bc75 (webtiles) character file.

Game seed: 341806381872077800

1223 frimble the Shooter (level 8, 0/105 HPs)
             Began as a Minotaur Hunter on June 30, 2022.
             Was an Initiate of Okawaru.
             Slain by an ogre
             ... wielding a +0 giant club
              (11 damage)
             ... on level 5 of the Dungeon.
             The game lasted 00:06:17 (4886 turns).

frimble the Shooter (Minotaur Hunter)               Turns: 4886, Time: 00:06:18

Health: 0/105      AC: 28    Str: 17    XL:     8   Next: 23%
Magic:  7/7        EV:  2    Int:  6    God:    Okawaru [......]
Gold:   313        SH:  0    Dex: 15    Spells: 7/7 levels left

rFire   . . .      SeeInvis +   u - +2 rapier (vamp)
rCold   . . .      Faith    .   (no shield)
rNeg    . . .      Spirit   .   (body armour currently unavailable)
rPois   +          Reflect  .   (helmet currently unavailable)
rElec   .          Harm     .   (cloak currently unavailable)
rCorr   .          Rampage  .   (gloves currently unavailable)
Will    .....      NoTele   +   (boots currently unavailable)
Stlth   +++.......              (no amulet)
HPRegen 0.27/turn               d - ring "Emeiz" {AC+4 SInv}
MPRegen 0.10/turn               e - +4 ring of evasion

@: tree-form
A: stationary, stasis, torment immunity, boosted hp, (horns 2), (retaliatory
headbutt)
a: Renounce Religion


You were on level 5 of the Dungeon.
You worshipped Okawaru.
Okawaru was noncommittal.
You were a tree.
You visited 2 branches of the dungeon, and saw 6 of its levels.

You collected 1145 gold pieces.
You spent 832 gold pieces at shops.

Inventory:

Hand Weapons
 a - a +0 shortbow
 b - a +0 long sword
 u - a +2 vampiric rapier (weapon)
Armour
 i - a +1 cloak (melded)
 w - a +2 robe of cold resistance (melded)
Jewellery
 d - the ring "Emeiz" (left branch) {AC+4 SInv}
   (You bought it in a shop on level 1 of the Dungeon)

   [ring of protection]

   AC:        It affects your AC (+4).
   SInv:      It lets you see invisible.
 e - a +4 ring of evasion (right branch)
Wands
 f - a wand of polymorph (8)
 v - a wand of flame (15)
Scrolls
 g - 2 scrolls of identify
 j - 2 scrolls of immolation
 o - a scroll of amnesia
 s - 2 scrolls of fog
 t - a scroll of enchant armour
Potions
 h - a potion of brilliance {unknown}
 k - a potion of mutation {unknown}
 m - 2 potions of lignification
 n - a potion of attraction {unknown}
 p - a potion of heal wounds {unknown}
 q - a potion of resistance {unknown}
 r - a potion of ambrosia {unknown}
 z - a potion of experience {unknown}


   Skills:
 + Level 6.1 Fighting
 + Level 1.5(3.3) Short Blades
 + Level 5.2(5.3) Long Blades
 + Level 6.8 Ranged Weapons
 - Level 3.5 Dodging
 + Level 4.2 Stealth


You had 7 spell levels left.
You didn't know any spells.
Your spell library contained the following spells:

 Spells                   Type           Power      Damage    Failure   Level
 Poisonous Vapours        Pois/Air       0%         N/A       58%         2
 Corpse Rot               Necr/Pois/Air  0%         N/A       99%         4


Dungeon Overview and Level Annotations

Branches:
Dungeon (5/15)             Temple (1/1) D:4

Altars:
Cheibriados
Gozag
Hepliaklqana
Makhleb
Okawaru
Qazlal
Ru
Sif Muna
Trog
Wu Jian
Yredelemnul
Zin
Lugonu

Shops:
D:1 =


Innate Abilities, Weirdness & Mutations

You are a tree.
Your roots penetrate the ground, keeping you stationary.
You cannot be teleported.
You are immune to unholy pain and torment.
Your maximum health is greatly increased.
Your equipment is partially melded.
((You have a pair of horns on your head.))
((You reflexively headbutt those who attack you in melee.))


Message History

The ogre hits you with a +0 giant club!!
* * * LOW HITPOINT WARNING * * *
You feel better. The steam dragon completely misses you.
The steam dragon closely misses you.
Okay, then.
Unknown command.
Aiming: Polymorph
Press: ? - help, Shift-Dir - straight line, f - steam dragon
Aim: a steam dragon (severely wounded, will become a wyvern, a sky beast, or a swamp drake, chance to affect: 49%)
Okay, then.
Unknown command.
The steam dragon attacks as you move away!
The steam dragon misses you. The steam dragon barely misses you.
The fungus is engulfed in a cloud of scalding steam.
The fungus begins to die.
The steam dragon breathes steam at you. The ball of steam hits you.
* * * LOW HITPOINT WARNING * * *
The fungus is engulfed in a cloud of scalding steam.
The fungus begins to die.
The fungus is engulfed in a cloud of scalding steam.
The fungus begins to die.
Okay, then.
Okay, then.
Unknown command.
Okay, then.
Aiming: Polymorph
Press: ? - help, Shift-Dir - straight line, f - ogre
Aim: an ogre, wielding a +0 giant club (steam, moderately wounded, will become a rime drake, a sky beast, or a wyvern, chance to affect: 49%)
Okay, then.
Unknown command.
Okay, then.
It was a potion of lignification.
You turn into a tree.
Your +1 cloak melds into your body.
Your +2 robe of cold resistance melds into your body.
You feel less resistant to cold.
Your roots penetrate the ground.
The fungus is engulfed in a cloud of scalding steam. x2
The ogre is engulfed in a cloud of scalding steam.
The ogre hits you with a +0 giant club!
You die...

..####.......†..........≈._.§.##.
..# #.###.#.##...............##.
..# #.###(..........#.##........
..# #...............#.##.######.
..# #..###..........#.......# #.
..####..# ##.######..........###.
........# #.###..####......[....
.#####.## #.#P.≈PP.#######..####
..# #.# ###P.♣§DP....≈.#######
#.# #.# #§§.§O.?..........P≈P #[#
#.# #§§§.[.≈≈.≈.PP≈P..... #.# #.#
#§.§....#########≈≈.P #.# #.#
##^PPP.#/# ##### #.# #.#
##P.≈##!# #[# ##### .# #.# .. #.#
..


You could see a steam dragon (catching breath) and an ogre.

Vanquished Creatures
  Sigmund (D:3)
  A steam dragon (D:5)
  Duvessa (D:5)
  A water moccasin (D:5)
  2 black bears (D:4)
  2 phantoms
  A scorpion (D:4)
  Dowan (D:5)
  A hound (D:5)
  An orc priest (D:3)
  2 iguanas
  Ijyb (D:4)
  6 adders
  3 gnolls (D:4)
  A worm (D:3)
  2 dart slugs
  6 orcs
  5 endoplasms
  3 giant cockroaches
  12 goblins
  6 hobgoblins
  6 jackals (D:2)
  6 kobolds
  4 quokkas
  5 ball pythons
  3 bats
  5 frilled lizards
  6 rats
94 creatures vanquished.

Vanquished Creatures (others)
  4 fungi (D:5)
  3 withered plants (D:1)
7 creatures vanquished.

Grand Total: 101 creatures vanquished

Notes
Turn   | Place    | Note
-------+----------+-------------------------------------------
     0 | D:1      | frimble the Minotaur Hunter began the quest for the Orb.
     0 | D:1      | Reached XP level 1. HP: 18/18 MP: 0/0
    41 | D:1      | Reached skill level 1 in Stealth
    81 | D:1      | Found a faded altar of an unknown god.
    87 | D:1      | Reached XP level 2. HP: 22/25 MP: 1/1
   473 | D:1      | Found Deharuiz's Jewellery Emporium.
   877 | D:2      | Reached XP level 3. HP: 31/31 MP: 2/2
  1115 | D:2      | Reached skill level 1 in Long Blades
  1375 | D:2      | Identified a scroll of acquirement
  1375 | D:2      | Acquired 974 gold pieces
  1474 | D:1      | Bought the ring "Emeiz" {AC+4 SInv} for 472 gold pieces
  1474 | D:1      | Bought a +4 ring of evasion for 360 gold pieces
  1517 | D:3      | Noticed Sigmund
  1530 | D:3      | Killed Sigmund
  1531 | D:3      | Reached skill level 5 in Ranged Weapons
  1531 | D:3      | Reached XP level 4. HP: 40/40 MP: 3/3
  1531 | D:3      | Reached XP level 5. HP: 46/46 MP: 4/4
  1852 | D:3      | Found a burning altar of Makhleb.
  1856 | D:3      | Reached XP level 6. HP: 52/52 MP: 5/5
  2409 | D:3      | Found a hazy altar of Hepliaklqana.
  2928 | D:4      | Reached XP level 7. HP: 41/60 MP: 6/6
  3051 | D:4      | Found a staircase to the Ecumenical Temple.
  3088 | Temple   | Entered the Ecumenical Temple
  3319 | D:4      | Reached skill level 5 in Fighting
  3561 | D:4      | Noticed Ijyb
  3597 | D:4      | Killed Ijyb
  4277 | D:5      | Entered Level 5 of the Dungeon
  4334 | D:5      | Found a glowing silver altar of Zin.
  4402 | D:5      | Noticed Duvessa
  4428 | D:5      | Killed Duvessa
  4568 | D:5      | Noticed Dowan
  4580 | D:5      | Killed Dowan
  4711 | D:5      | Reached XP level 8. HP: 70/70 MP: 7/7
  4755 | D:5      | Found an iron altar of Okawaru.
  4784 | D:5      | Reached skill level 1 in Short Blades
  4784 | D:5      | Reached skill level 5 in Long Blades
  4787 | D:5      | Became a worshipper of Warmaster Okawaru
  4886 | D:5      | Slain by an ogre

Illustrated notes

Levels and vault maps discovered:
D:1:      mrwooster_arrival_statue_3, layout_basic, serial_shops, shop_statue,
          shapermc_ecumenical_altar_gd
D:2:      layout_basic
D:3:      layout_basic, mainiacjoe_overflow_24_doors, lemuel_round_altar,
          serial_co_window_serial, co_window_corner_a,
          co_window_of_opportunity_a, co_window_corner_a,
          co_window_of_opportunity_a, co_window_corner_a, co_window_paths_b,
          co_window_paths_b, co_window_corner_a, co_window_paths_b,
          co_window_corner_b, co_window_of_opportunity_c, co_window_2corner,
          co_window_unsneaky_path_d, co_window_broadway_b, co_window_2corner,
          glass_columns_c, uniq_sigmund
D:4:      kennysheep_the_goblin_king, layout_loops_cross,
          minmay_temple_entry_grid, serial_rivers,
          chequers_serial_rivers_large_b, chequers_serial_rivers_large_a,
          chequers_serial_rivers_micro_b, chequers_serial_rivers_micro_c,
          chequers_serial_rivers_micro_b, chequers_serial_rivers_micro_e
D:5:      kennysheep_steamy, layout_loops_ring,
          mainiacjoe_overflow_tiny_flanked, zin_statuary, vehumet_statue,
          xom_teletrap_fun, uniq_duvessa, uniq_crazy_yiuf_cottage
Temple:   corrupted_temple

Skill      XL: |  1  2  3  4  5  6  7  8 |
---------------+-------------------------+-----
Stealth        | 1 2 3 4 |  4.2
Fighting       | 3 4 5 6 |  6.1
Long Blades    | 2 3 4 5 |  5.2
Dodging        | 3 |  3.5
Ranged Weapons | 5 6 |  6.8
Short Blades   | 1 |  1.5

Action                   |  1- 3 |  4- 6 |  7- 9 || total
-------------------------+-------+-------+-------++-------
Melee: Long sword        |       |    51 |    15 ||    66
       Headbutt          |       |    11 |    10 ||    21
       Punch             |       |     1 |       ||     1
       Unarmed           |       |       |    24 ||    24
       Rapier            |       |       |    36 ||    36
 Fire: Shortbow          |   104 |    32 |    78 ||   214
Evoke: Wand              |       |       |     2 ||     2
  Use: Scroll            |     6 |       |     4 ||    10
       Potion            |       |       |     3 ||     3
 Stab: Sleeping          |       |     2 |       ||     2
Armor: Leather armour    |    13 |    19 |    18 ||    50
       Skin              |       |       |    10 ||    10
       Robe              |       |       |    22 ||    22
Dodge: Dodged            |    41 |    58 |   140 ||   239

Table legend: (Time is in decaauts)
 A = Elapsed time spent in this place.
 B = Non-inter-level travel time spent in this place.
 C = Inter-level travel time spent in this place.
 D = Time resting spent in this place.
 E = Time spent auto-exploring this place.
 F = Levels seen in this place.
 G = Mean time per level.
                   A        B        C        D        E       F      G
               +--------+--------+--------+--------+--------+-----+--------+
         Total |   5001 |   4752 |    249 |    285 |   3702 |   6 |  833.5 |
       Dungeon |   4948 |   4711 |    237 |    285 |   3668 |   5 |  989.6 |
        Temple |     52 |     40 |     12 |      0 |     34 |   1 |   52.0 |
               +--------+--------+--------+--------+--------+-----+--------+

Top non-repeatable levels by time:
     D:4: 1533 daAuts
     D:3: 1252 daAuts
     D:1: 794 daAuts
     D:2: 748 daAuts
     D:5: 619 daAuts
  Temple: 52 daAuts
